 Dungeon Crawl Stone Soup version 0.32-a0-361-g289a535e89 (webtiles) character file.

Game seed: 7140965232119178576

622 CougarLife the Digger (level 7, -1/36 HPs)
             Began as a Gargoyle Earth Elementalist on Feb 18, 2024.
             Was an Initiate of Vehumet.
             Slain by a scorpion (3 damage)
             ... on level 5 of the Dungeon.
             The game lasted 00:04:46 (4055 turns).

CougarLife the Digger (Gargoyle Earth Elementalist) Turns: 4055, Time: 00:04:47

Health: -1/36      AC:  9    Str: 12    XL:     7   Next: 46%
Magic:  10/13      EV: 11    Int: 17    God:    Vehumet [......]
Gold:   235        SH:  0    Dex: 10    Spells: 11/15 levels left

rFire   . . .        z - +1 dagger (protect)
rCold   . . .        (no shield)
rNeg    + . .        a - +0 robe
rPois   ∞            (no helmet)
rElec   +            c - +0 cloak
rCorr   .            A - +0 pair of gloves
SInv    .            i - +0 pair of boots
Will    +....        (no amulet)
Stlth   ++           x - ring of willpower
HPRegen 0.26/turn    (no ring)
MPRegen 0.13/turn

%: no passive effects
@: no status effects
A: sickness immunity, AC +4, negative energy resistance 1, electricity
resistance, torment resistance 1, petrification resistance
a: Renounce Religion


You were on level 5 of the Dungeon.
You worshipped Vehumet.
Vehumet was noncommittal.
You visited 2 branches of the dungeon, and saw 6 of its levels.

You collected 235 gold pieces.

Inventory:

Hand Weapons
 z - a +1 dagger of protection (weapon)
Armour
 a - a +0 robe (worn)
 c - a +0 cloak (worn)
 i - a +0 pair of boots (worn)
 A - a +0 pair of gloves (worn)
Jewellery
 e - a ring of fire
 x - a ring of willpower (left hand)
Scrolls
 f - 2 scrolls of immolation {unknown}
 g - a scroll of amnesia {unknown}
 h - a scroll of brand weapon {unknown}
 j - 7 scrolls of identify {unknown}
 k - 3 scrolls of teleportation {unknown}
 l - 3 scrolls of fear {unknown}
 m - a scroll of silence {unknown}
 n - 3 scrolls of revelation {unknown}
 q - a scroll of noise {unknown}
 s - a scroll of blinking {unknown}
 t - a scroll of fog {unknown}
 w - 2 scrolls of poison {unknown}
 y - a scroll of torment {unknown}
Potions
 b - a potion of magic
 d - a potion of might {unknown}
 o - 3 potions of enlightenment {unknown}
 p - 2 potions of haste {unknown}
 r - 3 potions of lignification {unknown}
 u - a potion of curing {unknown}
 v - 3 potions of degeneration {unknown}


   Skills:
 - Level 1.5 Dodging
 - Level 2.1 Stealth
 + Level 4.5 Spellcasting
 + Level 4.8 Conjurations
 + Level 6.5 Earth Magic


You had 11 spell levels left.
You knew the following spells:

 Your Spells              Type           Power      Damage    Failure   Level
a - Sandblast             Erth           52%        2d12      1%          1
b - Stone Arrow           Conj/Erth      46%        3d9       4%          3

Your spell library contained the following spells:

 Spells                   Type           Power      Damage    Failure   Level
 Magic Dart               Conj           80%        1d7       1%          1
 Searing Ray              Conj           40%        2d5       3%          2
 Passwall                 Erth           26%        N/A       3%          3
 Static Discharge         Conj/Air       24%        3-4/arc   9%          2
 Brom's Barrelling Bould  Conj/Erth      23%        2d4       14%         4
 Petrify                  Alch/Erth      14%        N/A       36%         4
 Fulminant Prism          Conj/Alch      6%         3d7       47%         4
 Iskenderun's Battlesphe  Conj           20%        2d7       50%         5
 Airstrike                Air            1%         2d(1-17)  83%         4
 Summon Lightning Spire   Summ/Air       3%         N/A       83%         4
 Fireball                 Conj/Fire      6%         3d5       83%         5
 Conjure Ball Lightning   Conj/Air       6%         3x3d6     100%        6
 Orb of Destruction       Conj           10%        9d6       100%        7


Dungeon Overview and Level Annotations

Branches:
Dungeon (5/15)             Temple (1/1) D:4

Altars:
Elyvilon
Makhleb
Nemelex Xobeh
Qazlal
Vehumet
Yredelemnul
The Shining One


Innate Abilities, Weirdness & Mutations

You are immune to sickness and miasma.
Your stone body is resilient. (AC +4)
You are immune to poison.
You resist negative energy. (rN+)
You are resistant to electric shocks. (rElec)
You are resistant to unholy torment.
You are immune to petrification.


Message History

Aiming: Sandblast (safe; 1% risk of failure)
Press: ? - help, Shift-Dir - straight line, f/p - scorpion
Aim: a scorpion (lightly wounded, 83% to hit)
The blast of sand hits the scorpion but does no damage.
The scorpion is lightly wounded.
The scorpion stings you.
The shadow slips into darkness.
The shadow flickers and vanishes!
Deactivating autopickup; reactivate with Ctrl-A.
The scorpion stings you but does no damage.
Casting: Sandblast (safe; 1% risk of failure)
Confirm with . or Enter, or press ? or * to list all spells.
You don't have enough magic to cast this spell.
Unknown command.
Magic courses through your body.
The shadow strikes at you from the darkness!
Ouch! That really hurt!
* * * LOW HITPOINT WARNING * * *
Reactivating autopickup.
The scorpion barely misses you.
Casting: Sandblast (safe; 1% risk of failure)
Confirm with . or Enter, or press ? or * to list all spells.
Aiming: Sandblast (safe; 1% risk of failure)
Press: ? - help, Shift-Dir - straight line, f/p - scorpion
Aim: a scorpion (lightly wounded, 83% to hit)
Okay, then.
The scorpion attacks as it pursues you! The scorpion barely misses you.
The shadow slips into darkness.
The shadow flickers and vanishes!
Deactivating autopickup; reactivate with Ctrl-A.
Casting: Sandblast (safe; 1% risk of failure)
Confirm with . or Enter, or press ? or * to list all spells.
Aiming: Stone Arrow (dangerous; 4% risk of failure)
Press: ? - help, Shift-Dir - straight line, f/p - scorpion
Aim: a scorpion (lightly wounded, 71% to hit)
The stone arrow hits the scorpion!
The scorpion is heavily wounded.
The scorpion stings you but does no damage.
The scorpion stings you.
You die...

......%# ##...## .#
.......###.....##.###
........†......#....##
...†....##..<###.....##
.........#..#.........#
..........#..........##
#..........#......#.##
#.........###.##..# #
#.............##@.#
##....##.#.....#s##
#.##.####{.## #. #...#
##.#.# #..#.# #...##
...)## ......#


You could see a scorpion.

Vanquished Creatures
  A water moccasin (D:5)
  An ogre (D:5)
  A bombardier beetle (D:4)
  A hound (D:4)
  An iguana (D:4)
  Natasha (thrice) (D:2)
  9 adders
  4 ufetubi (D:5)
  4 dart slugs
  2 ribbon worms
  4 orcs
  An endoplasm (D:4)
  4 giant cockroaches
  6 goblins
  13 hobgoblins
  3 jackals (D:2)
  8 kobolds
  3 quokkas
  8 ball pythons
  8 bats
  2 frilled lizards
  6 rats
93 creatures vanquished.

Notes
Turn   | Place    | Note
-------+----------+-------------------------------------------
     0 | D:1      | CougarLife the Gargoyle Earth Elementalist began the quest
                  | for the Orb.
     0 | D:1      | Reached XP level 1. HP: 10/10 MP: 3/3
   140 | D:1      | Reached XP level 2. HP: 15/15 MP: 3/5
   275 | D:1      | Reached skill level 4 in Earth Magic
   348 | D:1      | Reached XP level 3. HP: 12/19 MP: 1/6
  1049 | D:2      | Reached XP level 4. HP: 24/24 MP: 4/8
  1069 | D:2      | Learned a level 3 spell: Stone Arrow
  1190 | D:2      | Noticed Natasha
  1195 | D:2      | Killed Natasha
  1266 | D:2      | Noticed Natasha
  1272 | D:2      | Killed Natasha
  1273 | D:2      | Reached XP level 5. HP: 23/28 MP: 4/9
  1282 | D:2      | Reached skill level 5 in Earth Magic
  1359 | D:2      | Noticed Natasha
  1367 | D:2      | Killed Natasha
  2584 | D:3      | Reached XP level 6. HP: 32/32 MP: 8/11
  3420 | D:4      | Found a staircase to the Ecumenical Temple.
  3437 | Temple   | Entered the Ecumenical Temple
  3459 | Temple   | Became a worshipper of Vehumet
  3659 | D:4      | Found a stormy altar of Qazlal.
  3711 | D:5      | Entered Level 5 of the Dungeon
  3755 | D:5      | Reached skill level 6 in Earth Magic
  3863 | D:5      | Reached XP level 7. HP: 36/36 MP: 7/13
  4041 | D:5      | Noticed a shadow
  4052 | D:5      | HP: 1/36 [something (29)]
  4055 | D:5      | Slain by a scorpion

Illustrated notes

Levels and vault maps discovered:
D:1:      dpeg_arrival_signposts, layout_rooms, minmay_ruptured
D:2:      kb_forest_paths, layout_loops_ring, nicolae_half_adder, uniq_natasha
D:3:      layout_loops_cross
D:4:      layout_rooms, mainiacjoe_overflow_surrounded_room,
          minmay_temple_entry_large_hall
D:5:      layout_cave_pools, chei_slow_surprise
Temple:   nicolae_temple_stand_before_the_council

Skill      XL: |  1  2  3  4  5  6 |
---------------+-------------------+-----
Earth Magic    | 4 5 6 |  6.5
Conjurations   | 2 3 4 |  4.8
Spellcasting   | 3 4 |  4.5
Dodging        | |  1.5
Stealth        | |  2.1

Action                     |  1- 3 |  4- 6 |  7- 9 || total
---------------------------+-------+-------+-------++-------
  Melee: Unarmed           |    16 |       |       ||    16
         Dagger            |     1 |     6 |       ||     7
   Cast: Sandblast         |    42 |   103 |    15 ||   160
         Stone Arrow       |       |       |     4 ||     4
    Use: Potion            |       |       |     1 ||     1
 Armour: Robe              |    50 |    36 |    16 ||   102
  Dodge: Dodged            |    57 |    41 |     6 ||   104

Table legend: (Time is in decaauts)
 A = Elapsed time spent in this place.
 B = Non-inter-level travel time spent in this place.
 C = Inter-level travel time spent in this place.
 D = Time resting spent in this place.
 E = Time spent auto-exploring this place.
 F = Levels seen in this place.
 G = Mean time per level.
                   A        B        C        D        E       F      G
               +--------+--------+--------+--------+--------+-----+--------+
         Total |   4132 |   3917 |    215 |    194 |   3061 |   6 |  688.7 |
       Dungeon |   4097 |   3893 |    204 |    186 |   3061 |   5 |  819.4 |
        Temple |     34 |     23 |     11 |      8 |      0 |   1 |   34.0 |
               +--------+--------+--------+--------+--------+-----+--------+

Top non-repeatable levels by time:
     D:2: 1558 daAuts
     D:1: 851 daAuts
     D:3: 745 daAuts
     D:4: 585 daAuts
     D:5: 357 daAuts
  Temple: 34 daAuts
